 Dungeon Crawl Stone Soup version 0.31-a0-728-g01b46875f1 (webtiles) character file.

Game seed: 5363894554393715060

551 cforsyth the Trooper (level 7, -10/56 HPs)
             Began as a Djinni Chaos Knight on Sept 12, 2023.
             Was a Plaything of Xom.
             Killed by divine providence
             ... invoked by an orc priest
              (13 damage)
             ... on level 5 of the Dungeon.
             The game lasted 00:05:23 (4285 turns).

cforsyth the Trooper (Djinni Chaos Knight)          Turns: 4285, Time: 00:05:24

Health: -10/56     AC:  8    Str: 14    XL:     7   Next: 54%
Gold:   242        EV: 13    Int: 18    God:    Xom [..*...] SH:  0 Dex: 21

rFire   + + .        a - +0 falchion (chaos)
rCold   x . .        j - orb {light}
rNeg    . . .        k - +4 robe of Augmentation {Str+4 Int+4 Dex+4}
rPois   ∞            (helmet restricted)
rElec   .            (no cloak)
rCorr   +            g - +0 pair of gloves
SInv    .            (boots unavailable)
Will    .....        (no amulet)
Stlth   +            u - ring of resist corrosion
HPRegen 0.29/turn    (no ring)
MPRegen 0.00/turn

%: infuse magic (-11 HP)
@: marked, flying, glowing
A: sickness immunity, fire resistance 2, cold vulnerability 1, float, innate
caster, HP casting, extra vitality 1, horns 1, agile 1, shaggy fur 1
a: Renounce Religion


You were on level 5 of the Dungeon.
You worshipped Xom.
You were a toy of Xom.
You visited 1 branch of the dungeon, and saw 5 of its levels.

You collected 242 gold pieces.

Inventory:

Hand Weapons
 a - a +0 falchion of chaos (weapon)
Armour
 b - a +2 leather armour
 g - a +0 pair of gloves (worn)
 j - an orb of light (worn)
 k - the +4 robe of Augmentation (worn) {Str+4 Int+4 Dex+4}
   (You found it on level 2 of the Dungeon)

   Str+4:     It affects your strength (+4).
   Int+4:     It affects your intelligence (+4).
   Dex+4:     It affects your dexterity (+4).
Jewellery
 u - a ring of resist corrosion (left hand)
Wands
 y - a wand of mindburst (17)
Scrolls
 e - a scroll of blinking
 f - a scroll of torment {unknown}
 m - 2 scrolls of identify
 n - a scroll of vulnerability {unknown}
 r - a scroll of teleportation {unknown}
 s - a scroll of fear {unknown}
 t - a scroll of silence {unknown}
 x - a scroll of amnesia
Potions
 d - 2 potions of might {unknown}
 h - 3 potions of lignification {unknown}
 i - a potion of haste {unknown}
 l - 2 potions of ambrosia {unknown}
 o - a potion of heal wounds {unknown}
 p - a potion of brilliance {unknown}
 q - 2 potions of curing {unknown}
 v - a potion of magic {unknown}
 w - a potion of enlightenment {unknown}
 z - a potion of mutation {unknown}


   Skills:
 + Level 6.1 Fighting
 - Level 2.6 Long Blades
 - Level 1.0 Armour
 - Level 2.1 Dodging
 + Level 3.7 Spellcasting
 + Level 3.7 Conjurations
 + Level 3.7 Hexes
   Level 0.0 Charms
 + Level 3.7 Summonings
 + Level 3.7 Necromancy
 + Level 3.7 Translocations
 + Level 3.7 Transmutations
 + Level 3.7 Fire Magic
 + Level 3.7 Ice Magic
 + Level 3.7 Air Magic
 + Level 3.7 Earth Magic
 + Level 3.7 Poison Magic


You knew the following spells:

 Your Spells              Type           Power      Damage    Failure   Level
a - Sandblast             Erth           32%        2d9       3%          1
b - Passwall              Tmut/Erth      13%        N/A       4%          2
c - Frozen Ramparts       Ice            32%        1d5       10%         3
Your spell library was empty.

Dungeon Overview and Level Annotations

Branches:
Dungeon (5/15)
 Temple: D:4-7

Altars:
Zin

Shops:
D:4 =

Annotations:
D:4 1 runed translucent door, soul19's ghost, amateur GnRe


Innate Abilities, Weirdness & Mutations

You are immune to sickness and miasma.
You are immune to poison.
Your flesh is very heat resistant. (rF++)
You are vulnerable to cold. (rC-)
You float through the air rather than walking.
You learn spells naturally, not from books.
Your magical power is your life essence.
You have superior vitality. (+4 MHP)
You have a pair of small horns on your head.
You are agile. (Dex +4, Str/Int -1)
You are covered in fur. (AC +1)


Message History

Your butterfly disappears in a burst of colours!
You swap places.
The orc priest hits your butterfly with a +0 dagger.
Your butterfly dies!
Your butterfly disappears in a burst of colours!
The orc priest hits your butterfly with a +0 dagger.
Your butterfly dies!
Your butterfly disappears in a burst of colours!
Found 9 stones.
Found a stone staircase leading down.
Something hits your butterfly.
Your butterfly dies!
Your butterfly disappears in a burst of colours!
The orc priest completely misses something.
As you read the scroll labelled KIPTYN VEIKHU, it crumbles to dust.
It is a scroll of identify.
e - 3 scrolls of blinking
As you read the scroll labelled JESURA BAUJEKISS, it crumbles to dust.
It is a scroll of amnesia.
You feel forgetful for a moment.
The orc priest calls down the wrath of Beogh upon you.
Beogh smites you!
* * * LOW HITPOINT WARNING * * *
The orc hits your butterfly with a +0 dagger.
Your butterfly dies!
Your butterfly disappears in a burst of colours!
Blink to where?
Press: ? - help, Dir - move target, p - iguana
As you read the scroll of blinking, it crumbles to dust.
Blink to where?
Press: ? - help, Dir - move target
As you read the scroll of blinking, it crumbles to dust.
Found a scroll labelled JUKUOH ORIH.
The orc priest looks encouraged for a moment.
Found 8 stones.
The iguana sets off the alarm!
The alarm trap emits a blaring wail!
A sentinel's mark forms upon you.
The orc priest mumbles some strange prayers to Beogh against you.
Beogh smites you!
You die...
Xom howls with laughter!

#........#.# #.# # #.l#o....#.#
#.### #.. .......##..#b# #....
..# .##........#.####.### ...
.##.........bb.bbb#.. #....
.##..###...######b#.#
#.##.##.##....b.#. #.... #.......
##.#..... ###.# #......# #@#. .#.
#.# #.##<#<# #.....b.# #.# ####
#.##.#.# ###...### #.# ...#
#.##.#.# .b(# #.# ...#
#.##.#.######..... ..#
...###.....................###.##
................... ..?.........
...######.##....... .... ...#..##
...# #.########. #..#..##


You could see an iguana (ally target) and an orc priest.

Vanquished Creatures
  An ice beast (D:5)
  A bullfrog (D:5)
  2 scorpions (D:4)
  A hound (D:5)
  An iguana (D:5)
  2 orc wizards (D:3)
  4 gnolls (D:4)
  4 adders
  A worm (D:3)
  3 dart slugs
  3 orcs (D:3)
  10 ball pythons
  8 endoplasms
  4 giant cockroaches
  12 goblins
  8 hobgoblins
  10 jackals
  6 quokkas
  5 bats
  A frilled lizard (D:2)
  4 kobolds
  5 rats
96 creatures vanquished.

Notes
Turn   | Place    | Note
-------+----------+-------------------------------------------
     0 | D:1      | cforsyth the Djinni Chaos Knight began the quest for the
                  | Orb.
     0 | D:1      | Reached XP level 1. HP: 20/20 MP: 0/0
   157 | D:1      | Reached XP level 2. HP: 25/25 MP: 0/0
   298 | D:1      | Reached skill level 1 in Spellcasting
   298 | D:1      | Reached skill level 1 in Conjurations
   298 | D:1      | Reached skill level 1 in Hexes
   298 | D:1      | Reached skill level 1 in Summonings
   298 | D:1      | Reached skill level 1 in Necromancy
   298 | D:1      | Reached skill level 1 in Translocations
   298 | D:1      | Reached skill level 1 in Transmutations
   298 | D:1      | Reached skill level 1 in Fire Magic
   298 | D:1      | Reached skill level 1 in Ice Magic
   298 | D:1      | Reached skill level 1 in Air Magic
   298 | D:1      | Reached skill level 1 in Earth Magic
   298 | D:1      | Reached skill level 1 in Poison Magic
   395 | D:1      | Reached XP level 3. HP: 30/30 MP: 0/0
   395 | D:1      | Learned a level 1 spell: Sandblast
  1231 | D:2      | Found the +4 robe of Augmentation {Str+4 Int+4 Dex+4}
  1329 | D:2      | Reached XP level 4. HP: 36/37 MP: 0/0
  1353 | D:2      | Found a glowing silver altar of Zin.
  1448 | D:2      | Reached skill level 4 in Fighting
  1964 | D:3      | Reached XP level 5. HP: 31/41 MP: 0/0
  1964 | D:3      | Learned a level 2 spell: Passwall
  2144 | D:3      | XOM: god gift: 36 gold pieces
  2575 | D:4      | Found Goaroph's Jewellery Emporium.
  2575 | D:4      | XOM: noise
  2732 | D:4      | Reached skill level 5 in Fighting
  2732 | D:4      | Reached XP level 6. HP: 20/49 MP: 0/0
  2922 | D:4      | Found a runed translucent door.
  2922 | D:4      | Noticed soul19's ghost (amateur GnRe)
  3743 | D:4      | XOM is BORED!
  3743 | D:4      | XOM: give mutations
  3743 | D:4      | Gained mutation: You are agile. (Dex +4, Str/Int -1) [Xom's
                  | mischief]
  3743 | D:4      | Gained mutation: You have a pair of small horns on your
                  | head. [Xom's mischief]
  3743 | D:4      | Gained mutation: You are covered in fur. (AC +1) [Xom's
                  | mischief]
  3910 | D:4      | XOM: summons 3 hostile shadow creatures
  4048 | D:5      | Entered Level 5 of the Dungeon
  4093 | D:5      | Noticed an ice beast
  4097 | D:5      | Killed an ice beast
  4098 | D:5      | Reached XP level 7. HP: 55/55 MP: 0/0
  4098 | D:5      | Learned a level 3 spell: Frozen Ramparts
  4140 | D:5      | XOM: confuse monster(s)
  4144 | D:5      | Reached skill level 6 in Fighting
  4265 | D:5      | XOM: divination: detect creatures
  4281 | D:5      | HP: 2/56 [orc priest/divine providence (8)]
  4285 | D:5      | Killed from afar by an orc priest

Illustrated notes

Levels and vault maps discovered:
D:1:      kilobyte_arrival_exit_the_forest, layout_basic, minmay_tromino_i4
D:2:      layout_basic, basic_altar
D:3:      layout_basic, minmay_misc_feat_cross
D:4:      layout_loops_ring, ebering_ghost_sewer_d, serial_bayou_pond_c,
          roderic_lattice_a, grunt_decor_one_mirror, serial_park_tiny_2,
          nicolae_stop_n_shop_1, serial_bayou_ford_a, nrook_mini_vaults
D:5:      layout_loops_cross

Skill      XL: |  1  2  3  4  5  6  7 |
---------------+----------------------+-----
Spellcasting   | 1 2 3 |  3.7
Conjurations   | 1 2 3 |  3.7
Hexes          | 1 2 3 |  3.7
Summonings     | 1 2 3 |  3.7
Necromancy     | 1 2 3 |  3.7
Translocations | 1 2 3 |  3.7
Transmutations | 1 2 3 |  3.7
Fire Magic     | 1 2 3 |  3.7
Ice Magic      | 1 2 3 |  3.7
Air Magic      | 1 2 3 |  3.7
Earth Magic    | 1 2 3 |  3.7
Poison Magic   | 1 2 3 |  3.7
Fighting       | 4 5 6 |  6.1
Long Blades    | |  2.6
Armour         | |  1.0
Dodging        | |  2.1

Action                     |  1- 3 |  4- 6 |  7- 9 || total
---------------------------+-------+-------+-------++-------
  Melee: Falchion          |    56 |     9 |       ||    65
   Cast: Sandblast         |    35 |   120 |    10 ||   165
         Frozen Ramparts   |       |       |     4 ||     4
  Evoke: Wand              |       |     3 |       ||     3
    Use: Scroll            |       |       |     5 ||     5
 Armour: Leather armour    |    49 |       |       ||    49
         Robe              |       |    61 |     5 ||    66
  Dodge: Dodged            |    52 |    48 |     8 ||   108

Table legend: (Time is in decaauts)
 A = Elapsed time spent in this place.
 B = Non-inter-level travel time spent in this place.
 C = Inter-level travel time spent in this place.
 D = Time resting spent in this place.
 E = Time spent auto-exploring this place.
 F = Levels seen in this place.
 G = Mean time per level.
                   A        B        C        D        E       F      G
               +--------+--------+--------+--------+--------+-----+--------+
         Total |   4379 |   4311 |     68 |    290 |   3309 |   5 |  875.8 |
       Dungeon |   4379 |   4311 |     68 |    290 |   3309 |   5 |  875.8 |
               +--------+--------+--------+--------+--------+-----+--------+

Top non-repeatable levels by time:
     D:4: 1273 daAuts
     D:1: 1190 daAuts
     D:3: 909 daAuts
     D:2: 764 daAuts
     D:5: 241 daAuts
